 Dungeon Crawl Stone Soup version 0.20.2-3-g29329e0561 (webtiles) character file.

583 Alfie the Shield-Bearer (level 7, 0/60 HPs)
             Began as a Hill Orc Fighter on Sept 5, 2023.
             Slain by an orc priest
             ... wielding a +0 hand axe of chopping
              (1 damage)
             ... on level 5 of the Dungeon.
             The game lasted 00:10:16 (3305 turns).

Alfie the Shield-Bearer (Hill Orc Fighter)          Turns: 3305, Time: 00:10:16

Health: 0/60       AC:  9    Str: 21    XL:     7   Next: 37%
Magic:  7/7        EV:  8    Int:  8    God:
Gold:   50         SH: 10    Dex: 10    Spells: 6/6 levels left

rFire    . . .     SeeInvis .   a - +0 rapier
rCold    . . .     Gourm    .   c - +0 shield
rNeg     . . .     Faith    .   b - +0 scale mail
rPois    .         Spirit   .   (no helmet)
rElec    .         Reflect  .   (no cloak)
rCorr    .         Harm     .   (no gloves)
MR       .....                  r - +1 pair of boots {Stlth+}
Stlth    +.........             (no amulet)
Regen    0.2/turn               (no ring)
MPRegen  0.1/turn               (no ring)

@: hasted, very quick
A: no striking features
a: Convert to Beogh


You were on level 5 of the Dungeon.
You were hungry.

You visited 1 branch of the dungeon, and saw 5 of its levels.

You collected 171 gold pieces.
You spent 121 gold pieces at shops.

Inventory:

Hand Weapons
 a - a +0 rapier (weapon)
 u - a +3 blowgun
Missiles
 v - 16 poisoned needles
Armour
 b - a +0 scale mail (worn)
 c - a +0 shield (worn)
 r - a +1 pair of boots of stealth (worn)
Wands
 w - a wand of iceblast (9/15)
Scrolls
 e - 6 scrolls of identify
 j - 7 scrolls of remove curse
 m - a scroll of recharging {unknown}
 n - a scroll of random uselessness {unknown}
 o - 4 scrolls of amnesia
 p - a scroll of magic mapping
 x - a scroll of noise {unknown}
Potions
 g - a potion of flight {unknown}
 h - a potion of haste
 k - a potion of cancellation {unknown}
 l - 3 potions of degeneration {unknown}
 t - a potion of agility {unknown}
 z - a potion of ambrosia {unknown}
Comestibles
 f - 3 bread rations
 q - a meat ration
 A - a royal jelly


   Skills:
 + Level 4.8 Fighting
 + Level 5.0 Short Blades
 + Level 4.9 Armour
 + Level 1.5 Dodging
 + Level 0.1 Stealth
 + Level 5.1 Shields


You had 6 spell levels left.
You didn't know any spells.

Dungeon Overview and Level Annotations

Branches:
Dungeon (5/15)             Temple (0/1) D:4

Altars:
Ashenzari

Shops:
D:4 ?(:!}


Message History

The scorpion is severely wounded.
You block the scorpion's attack.
You hit the scorpion.
You kill the scorpion!
Your Short Blades skill increases to level 5!
The orc priest shouts, "Surrender to Beogh and we'll let you live!"
You barely miss the orc priest.
The orc priest hits you but does no damage.
You hit the orc priest.
The orc priest is moderately wounded.
You barely miss the orc priest.
The orc priest is moderately wounded.
The orc priest calls down the wrath of Beogh upon you.
Pain shoots through your body!
* * * LOW HITPOINT WARNING * * *
You hit the orc priest.
The orc priest is moderately wounded.
The orc priest hits you with a hand axe of chopping.
* * * LOW HITPOINT WARNING * * *
You die...

#....... ####......
#.....# #........ #.....#
#....... #.....# #......#
#.....# ## #......#
#.....#######.
#......#####.............
#..(...o@)...............
##.########..............
s. #.####......... ...
#.# #.#.#####. #.. ..#
#.#....... #. ####
#.######## . #.# ### #.#
#.. #.# #.#


You could see an orc priest.

Vanquished Creatures
  An ice beast (D:4)
  The ghost of Alfie the Shield-Bearer, an amateur HOFi (D:4)
  2 ogres
  A scorpion (D:5)
  An iguana (D:5)
  A hound skeleton (D:4)
  4 adders
  A gnoll (D:3)
  2 oozes
  3 worms
  A dart slug (D:1)
  3 leopard geckos
  11 orcs
  3 ball pythons
  8 bats
  4 giant cockroaches
  7 goblins
  3 hobgoblins
  3 jackals (D:4)
  3 quokkas
  11 frilled lizards
  5 kobolds
  7 rats
86 creatures vanquished.

Notes
Turn   | Place    | Note
-------+----------+-------------------------------------------
     0 | D:1      | Alfie the Hill Orc Fighter began the quest for the Orb.
     0 | D:1      | Reached XP level 1. HP: 19/19 MP: 1/1
   103 | D:1      | Reached XP level 2. HP: 16/27 MP: 2/2
   582 | D:1      | Reached XP level 3. HP: 33/33 MP: 3/3
   950 | D:2      | Reached XP level 4. HP: 29/40 MP: 4/4
  1619 | D:3      | Found a shattered altar of Ashenzari.
  2343 | D:4      | Reached XP level 5. HP: 27/46 MP: 5/5
  2437 | D:4      | Found Zot Apnu's Magic Scroll Boutique.
  2439 | D:4      | Found Duemyrgh's Distillery.
  2439 | D:4      | Found Itezuesu's Weapon Emporium.
  2439 | D:4      | Noticed Alfie's ghost (amateur HOFi)
  2452 | D:4      | Killed Alfie's ghost
  2452 | D:4      | Reached skill level 1 in Dodging
  2456 | D:4      | Bought a potion of heal wounds for 55 gold pieces
  2635 | D:4      | Bought a scroll of identify for 22 gold pieces
  2635 | D:4      | Bought a scroll of identify for 22 gold pieces
  2635 | D:4      | Bought a scroll of identify for 22 gold pieces
  2676 | D:4      | Reached XP level 6. HP: 51/52 MP: 6/6
  2677 | D:4      | Found Pahohud's Book Shoppe.
  2700 | D:4      | Noticed an ice beast
  2724 | D:4      | Killed an ice beast
  3076 | D:4      | Found Seunioff's Gadget Shop.
  3105 | D:4      | Found a staircase to the Ecumenical Temple.
  3140 | D:5      | Entered Level 5 of the Dungeon
  3165 | D:5      | Reached XP level 7. HP: 58/60 MP: 7/7
  3181 | D:5      | Reached skill level 5 in Shields
  3292 | D:5      | HP: 3/60 [orc priest/divine providence (10)]
  3301 | D:5      | Reached skill level 5 in Short Blades
  3304 | D:5      | HP: 2/60 [orc priest/nerve-wracking pain (8)]
  3305 | D:5      | Slain by an orc priest

Skill      XL: |  1  2  3  4  5  6  7 |
---------------+----------------------+-----
Shields        | 4 5 |  5.1
Armour         | 4 |  4.9
Short Blades   | 3 4 5 |  5.0
Fighting       | 4 |  4.8
Dodging        | 1 |  1.5
Stealth        | |  0.1

Action                   |  1- 3 |  4- 6 |  7- 9 || total
-------------------------+-------+-------+-------++-------
Melee: Rapier            |   125 |   245 |    47 ||   417
 Fire: Blowgun           |       |       |     3 ||     3
  Use: Scroll            |     1 |     6 |       ||     7
       Potion            |       |     2 |     3 ||     5
  Eat: Bread ration      |       |     1 |       ||     1
       Fruit             |       |     4 |       ||     4
Armor: Scale mail        |    53 |    77 |     8 ||   138
Dodge: Dodged            |    32 |    63 |     9 ||   104
Block: Shield            |    62 |   136 |    11 ||   209
